 Dungeon Crawl Stone Soup version 0.28.0-47-ge53b351184 (webtiles) character file.

Game seed: 10459341002104146191

38 Jerry the Chucker (level 3, 0/35 HPs)
             Began as a Troll Hunter on Apr 25, 2022.
             Was a High Priest of Ignis.
             Slain by Terence
             ... wielding a +0 flail
              (3 damage)
             ... on level 2 of the Dungeon.
             The game lasted 00:03:44 (874 turns).

Jerry the Chucker (Troll Hunter)                     Turns: 874, Time: 00:03:45

Health: 0/35       AC:  4    Str: 20    XL:     3   Next: 25%
Magic:  2/2        EV: 10    Int:  7    God:    Ignis [*****.]
Gold:   80         SH:  0    Dex: 12    Spells: 2/2 levels left

rFire   + . .      SeeInvis .   h - +0 whip
rCold   . . .      Faith    .   (no shield)
rNeg    + . .      Spirit   .   b - +0 robe
rPois   .          Reflect  .   (helmet restricted)
rElec   .          Harm     .   (no cloak)
rCorr   .          Rampage  .   (gloves unavailable)
Will    .....                   (boots unavailable)
Stlth   +.........              (no amulet)
HPRegen 0.91/turn               g - ring of positive energy
MPRegen 0.08/turn               (no ring)

@: no status effects
A: large, unfitting armour, claws 3, regeneration 1, shaggy fur 1, tough skin 1
a: Renounce Religion, Fiery Armour, Foxfire Swarm, Rising Flame


You were on level 2 of the Dungeon.
You worshipped Ignis.
Ignis was extremely pleased with you.
You visited 1 branch of the dungeon, and saw 2 of its levels.

You collected 80 gold pieces.

Inventory:

Hand Weapons
 h - a +0 whip (weapon)
Missiles
 c - 5 large rocks (quivered)
 d - 2 throwing nets
Armour
 b - a +0 robe (worn)
Jewellery
 g - a ring of positive energy (left claw)
Scrolls
 a - 3 scrolls of teleportation {unknown}
 e - a scroll of immolation {unknown}
Potions
 f - a potion of curing
 i - a potion of mutation {unknown}


   Skills:
 - Level 2.0 Fighting
 * Level 0.9 Maces & Flails
 + Level 3.9 Throwing
 + Level 2.1 Dodging
 - Level 0.3 Stealth


You had 2 spell levels left.
You didn't know any spells.
Your spell library was empty.

Dungeon Overview and Level Annotations

Branches:
Dungeon (2/15)

Altars:
Ignis

Annotations:
D:2 Terence


Innate Abilities, Weirdness & Mutations

You are too large for most types of armour.
You have claws for hands.
Your natural rate of healing is unusually fast.
You are covered in fur. (AC +1)
You have tough skin. (AC +1)


Message History

You are too injured to fight recklessly!
You are too injured to fight recklessly!
You are too injured to fight recklessly!
You are too injured to fight recklessly!
You are too injured to fight recklessly!
Unknown command.
You are too injured to fight recklessly!
You hit Terence but do no damage.
Terence is almost dead.
Terence completely misses you.
You hit Terence but do no damage.
Terence is almost dead.
Terence drinks a potion.
Terence is healed!
Terence completely misses you.
You barely miss Terence.
Terence is heavily wounded.
Terence hits you with a +0 flail.
You barely miss Terence.
Terence is heavily wounded.
Terence barely misses you.
You hit Terence but do no damage.
Terence is heavily wounded.
Terence hits you with a +0 flail.
You hit Terence.
Terence is heavily wounded.
Terence hits you with a +0 flail.
You hit Terence but do no damage.
Terence is heavily wounded.
Terence hits you with a +0 flail!
* * * LOW HITPOINT WARNING * * *
You barely miss Terence.
Terence is heavily wounded.
Terence closely misses you.
You hit Terence but do no damage.
Terence is heavily wounded.
Terence hits you with a +0 flail!
* * * LOW HITPOINT WARNING * * *
You hit Terence but do no damage.
Terence is heavily wounded.
Terence hits you with a +0 flail.
You die...

######## #......#
#......# ## # #......#
... ## #......# .... ##.
#....@.##.... #..
#....@....... #..
###.....####.# #..
#........###.# #..
#.#...##..... #<. ..
#...##...##########.
#####..........##.....##
#....>...............#
....#...................
...##...........<.......


You could see Terence.

Vanquished Creatures
  3 dart slugs (D:1)
  2 ball pythons (D:1)
  2 bats (D:1)
  2 endoplasms (D:1)
  A giant cockroach (D:2)
  5 hobgoblins
  2 jackals (D:1)
  2 kobolds (D:2)
  A quokka (D:1)
  2 frilled lizards (D:1)
  4 goblins
  A rat (D:1)
27 creatures vanquished.

Notes
Turn   | Place    | Note
-------+----------+-------------------------------------------
     0 | D:1      | Jerry the Troll Hunter began the quest for the Orb.
     0 | D:1      | Reached XP level 1. HP: 19/19 MP: 0/0
    96 | D:1      | Found a faded altar of an unknown god.
   102 | D:1      | Reached XP level 2. HP: 28/28 MP: 1/1
   128 | D:1      | Prayed at the altar of an unknown god.
   128 | D:1      | Became a worshipper of Ignis, the Dying Flame
   513 | D:1      | Reached XP level 3. HP: 30/35 MP: 2/2
   844 | D:2      | Noticed Terence
   874 | D:2      | Slain by Terence

Illustrated notes

Levels and vault maps discovered:
D:1:      dpeg_arrival_tiny_a, layout_basic,
          shapermc_ecumenical_altar_starsandcircs
D:2:      layout_rooms, serial_shops, shop, minivault_11,
          grunt_decor_resistance, uniq_terence

Skill      XL: |  1  2 |
---------------+-------+-----
Dodging        | 2 |  2.1
Fighting       | 2 |  2.0
Maces & Flails | |  0.9
Throwing       | |  3.9
Stealth        | |  0.3

Action                   || total
-------------------------++-------
Melee: Short sword       ||    45
       Mace              ||    35
       Whip              ||    56
       Punch             ||     1
 Stab: Sleeping          ||     2
       Distracted        ||     1
Armor: Robe              ||    38
Dodge: Dodged            ||    78
